 Dungeon Crawl Stone Soup version 0.30-a0-728-gc68057be0a (webtiles) character file.

Game seed: 797767400113809263

91116 bobo the Skirmisher (level 16, -2/104 HPs)
             Began as a Tengu Summoner on Jan 27, 2023.
             Was an Initiate of Gozag.
             Slain by a spriggan defender simulacrum (10 damage)
             ... in an ice cave on Jan 31, 2023.
             The game lasted 02:25:51 (28858 turns).

bobo the Skirmisher (Tengu Summoner)               Turns: 28858, Time: 02:25:51

Health: -2/104     AC: 17    Str: 10    XL:     16   Next: 2%
Magic:  31/31      EV: 19    Int: 21    God:    Gozag
Gold:   1788       SH: 10    Dex: 23    Spells: 11/36 levels left

rFire   + + .      SeeInvis +    c - +4 hand crossbow (freeze)
rCold   + . .      Faith    .    u - +3 warlock's mirror {omnireflect}
rNeg    . . .      Spirit   .    J - +4 troll leather armour "Taver" {rF+ Regen+ Str+3}
rPois   +          Reflect  +    (helmet restricted)
rElec   +          Harm     .    P - +0 cloak of the Howling Gods {Str-2 Int+3 Dex+3 SInv}
rCorr   +          Rampage  .    e - +2 pair of gloves
Will    ++...                    (boots unavailable)
Stlth   ++                       w - amulet of magic regeneration
HPRegen 1.17/turn                t - ring of willpower
MPRegen 0.62/turn                i - +4 ring of protection

@: resistant, flying quickly and evasively, quick
A: beak, talons 3, nimble flight
a: Renounce Religion, Potion Petition, Call Merchant, Bribe Branch


You were in an ice cave.
You worshipped Gozag.
Gozag was most pleased with you.
You visited 4 branches of the dungeon, and saw 22 of its levels.
You also visited: Gauntlet and Ice Cave.

You collected 7643 gold pieces.
You spent 4381 gold pieces at shops.
You paid 1474 gold pieces to Gozag.

Inventory:

Hand Weapons
 c - a +4 hand crossbow of freezing (weapon)
Armour
 e - a +2 pair of gloves (worn)
 u - the +3 warlock's mirror (worn) {omnireflect}
   (You bought it in a shop on level 1 of the Dungeon)

   Omnireflect: It can block and reflect piercing ranged attacks and magical
   attacks against the wielder's willpower.
 J - the +4 troll leather armour "Taver" (worn) {rF+ Regen+ Str+3}
   (You bought it in a shop on level 1 of the Dungeon)

   Str:       It affects your strength (+3).
   rF:        It protects you from fire.
   Regen:     It increases your rate of health regeneration.
 P - the +0 cloak of the Howling Gods (worn) {Str-2 Int+3 Dex+3 SInv}
   (You bought it in a shop on level 5 of the Lair of Beasts)

   Str:       It affects your strength (-2).
   Int:       It affects your intelligence (+3).
   Dex:       It affects your dexterity (+3).
   SInv:      It lets you see invisible.
 X - a +2 leather armour of resistance
Jewellery
 i - a +4 ring of protection (right hand)
 o - a ring of magical power
 p - an amulet of guardian spirit
 t - a ring of willpower (left hand)
 w - an amulet of magic regeneration (around neck)
 x - a ring of positive energy
 I - a +6 ring of intelligence
 T - a ring of resist corrosion
 U - a ring of protection from cold
 V - a ring of protection from cold
Wands
 h - a wand of flame (25)
 s - a wand of roots (1)
 z - a wand of paralysis (20)
 C - a wand of light (11)
 E - a wand of mindburst (13)
 Q - a wand of polymorph (13)
 R - a wand of digging (6)
Scrolls
 f - 2 scrolls of magic mapping
 g - a scroll of silence
 j - a scroll of brand weapon
 k - 6 scrolls of teleportation
 q - 6 scrolls of immolation
 r - a scroll of poison
 y - 2 scrolls of blinking
 D - 3 scrolls of fog
 F - 2 scrolls of enchant armour
 M - 2 scrolls of amnesia
 O - a scroll of fear
Potions
 b - 3 potions of magic
 m - 7 potions of curing
 n - 8 potions of might
 v - 2 potions of ambrosia
 B - a potion of berserk rage
 G - 2 potions of invisibility
 H - 2 potions of cancellation
 K - 4 potions of haste
 N - 3 potions of mutation
 S - a potion of brilliance
Miscellaneous
 a - a phial of floods
 L - a piece from Xom's chessboard (15/15)
 W - a phantom mirror


   Skills:
 + Level 13.0 Fighting
 + Level 13.3 Ranged Weapons
 - Level 4.0 Armour
 - Level 6.7 Dodging
 - Level 2.0 Stealth
 - Level 8.0 Shields
 + Level 10.8 Spellcasting
 - Level 6.0 Hexes
 - Level 13.0 Summonings
 - Level 6.0 Translocations
 - Level 8.8 Air Magic


You had 11 spell levels left.
You knew the following spells:

 Your Spells              Type           Power      Damage    Failure   Level
a - Portal Projectile     Hex/Tloc       72%        N/A       2%          3
c - Summon Cactus Giant   Summ           30%        N/A       8%          6
d - Call Canine Familiar  Summ           60%        N/A       1%          3
q - Summon Lightning Spi  Summ/Air       54%        N/A       1%          4
s - Call Imp              Summ           60%        N/A       1%          2
w - Lesser Beckoning      Tloc           72%        N/A       1%          2
x - Summon Guardian Gole  Hex/Summ       50%        N/A       1%          3
z - Blink                 Tloc           72%        N/A       1%          2

Your spell library contained the following spells:

 Spells                   Type           Power      Damage    Failure   Level
 Slow                     Hex            100%       N/A       1%          1
 Summon Small Mammal      Summ           100%       N/A       1%          1
 Confusing Touch          Hex            36%        N/A       2%          3
 Tukima's Dance           Hex            36%        N/A       2%          3
 Airstrike                Air            24%        2d(4-20)  2%          4
 Ensorcelled Hibernation  Hex/Ice        46%        N/A       4%          2
 Momentum Strike          Conj/Tloc      46%        3d9       4%          2
 Dazzling Flash           Conj/Hex       46%        N/A       9%          3
 Freeze                   Ice            44%        1d6       10%         1
 Scorch                   Fire           22%        2d6       16%         2
 Anguish                  Hex/Necr       11%        N/A       28%         4
 Iskenderun's Mystic Bla  Conj/Tloc      23%        2d6       28%         4
 Frozen Ramparts          Ice            22%        1d4       30%         3
 Hailstorm                Conj/Ice       11%        3d5       30%         3
 Spider Form              Tmut/Pois      11%        N/A       30%         3
 Vampiric Draining        Necr           11%        2d6       30%         3
 Lightning Bolt           Conj/Air       14%        1d28      41%         5
 Flame Wave               Conj/Fire      11%        2d6       69%         4
 Blade Hands              Tmut           5%         N/A       95%         5
 Starburst                Conj/Fire      5%         6d4       100%        6


Dungeon Overview and Level Annotations

Branches:
Dungeon (14/15)            Temple (1/1) D:6            Lair (5/5) D:11
  Swamp (0/4) Lair:3       Spider (0/4) Lair:3        Slime (0/5) Lair:5
    Orc (2/2) D:12            Elf (0/3) Orc:2        Vaults (0/5) D:13
  IceCv (1/1)             Gauntlet (visited)

Altars:
Ashenzari
Cheibriados
Dithmenos
Elyvilon
Fedhas
Gozag
Hepliaklqana
Kikubaaqudgha
Makhleb
Nemelex Xobeh
Okawaru
Qazlal
Ru
Sif Muna
Trog
Uskayaw
Vehumet
Wu Jian
Xom
Yredelemnul
Zin
The Shining One
Jiyva

Shops:
D:1 [   D:2 *!!![   D:5 (   D:6 :   D:7 ?   D:11 [   Orc:1 (   Orc:2 ([*=
Lair:5 [

Portals:
Hell: Lair:5


Innate Abilities, Weirdness & Mutations

You have a beak for a mouth.
You have claws for feet.
Your magical nature lets you fly swiftly and evasively.


Message History

Magic restored.
You start resting.
Your cactus giant disappears in a puff of smoke!
HP restored.
Really fly into that cloud of freezing vapour?
Okay, then.
Really fly into that cloud of freezing vapour?
You are engulfed in freezing vapours.
Really fly into that cloud of freezing vapour?
A spriggan defender simulacrum comes into view.
You are engulfed in freezing vapours.
You are engulfed in freezing vapours.
You block the spriggan defender simulacrum's attack.
The spriggan defender simulacrum hits you but does no damage.
You are engulfed in freezing vapours.
You feel much better.
You are engulfed in freezing vapours.
The spriggan defender simulacrum misses you.
You are engulfed in freezing vapours.
The spriggan defender simulacrum hits you!
The spriggan defender simulacrum freezes you!!
* * * LOW HITPOINT WARNING * * *
You feel much better.
You are engulfed in freezing vapours.
* * * LOW HITPOINT WARNING * * *
The spriggan defender simulacrum completely misses you.
Okay, then.
You feel much better.
You are engulfed in freezing vapours.
* * * LOW HITPOINT WARNING * * *
The spriggan defender simulacrum hits you but does no damage.
The spriggan defender simulacrum attacks as you move away!
You block the spriggan defender simulacrum's attack.
You are engulfed in freezing vapours.
* * * LOW HITPOINT WARNING * * *
The spriggan defender simulacrum hits you but does no damage.
Okay, then.
You feel protected.
You are engulfed in freezing vapours.
You resist.
* * * LOW HITPOINT WARNING * * *
The spriggan defender simulacrum hits you!
You die...
Your body crumbles into a pile of gold.

### ##.## ##...##
### #.....##
##..## ##......#
##.○..# #.......##
##○@# #..☼.....#
#☼.Z#
####.○.....###☼○##
##..#.#..°..#☼☼##
##..#§##...§..##
#...#§§###§☼.§#
#.°°§§§.°#§§☼##
...§.°☼..#.§○#
..####.○☼#○○°#


You could see a spriggan defender simulacrum.

Vanquished Creatures
  An orc warlord (Orc:2)
  2 reapers (IceCv)
  Nessos (Lair:3)
  Erolcha (Orc:1)
  4 hydras
  The ghost of Kupoam the Acolyte, a journeyman FoFi of the Shining One (D:11)
  4 centaur warriors
  2 catoblepae
  A two-headed ogre (D:12)
  7 death yaks
  An orc high priest (Orc:2)
  A sun demon (Lair:5)
  A fire crab (shapeshifter) (D:11)
  An obsidian statue (IceCv)
  2 spriggan simulacra (IceCv)
  An orange crystal statue (IceCv)
  A wizard (Lair:5)
  A deep elf pyromancer (D:14)
  2 ugly things (D:13)
  3 orc sorcerers (Orc:2)
  3 black mambas
  An ice statue (Gauntlet)
  3 cane toads
  4 elephants
  A gargoyle (D:11)
  A smoke demon (Lair:5)
  Maggie (D:7)
  A large abomination (Gauntlet)
  2 orange demons (Lair:5)
  3 freezing wraiths (IceCv)
  2 rime drakes (Lair:5)
  A kobold demonologist (D:13)
  7 komodo dragons
  An ice devil (IceCv)
  3 trolls
  A red devil (Lair:5)
  A meliai (Lair:3)
  A tyrant leech (Lair:3)
  8 blink frogs
  5 dream sheep (Lair:5)
  A vampire (D:13)
  3 wyverns
  A shadow (D:10)
  A wraith (D:13)
  4 slime creatures
  13 yaks
  15 humans (D:13)
  3 basilisks
  A dire elephant simulacrum (IceCv)
  A steam dragon (D:8)
  2 minotaur simulacra (IceCv)
  4 vampire mosquitoes (D:13)
  A harpy simulacrum (IceCv)
  4 hell hounds (Lair:5)
  7 water moccasins
  An acid dragon (D:11)
  15 orc warriors
  A black bear (D:6)
  2 ice beasts
  4 wolves (Lair:2)
  3 ogres
  4 centaurs
  A kobold brigand (D:11)
  5 bullfrogs
  A deep troll simulacrum (IceCv)
  A wight (D:6)
  3 small abominations (Gauntlet)
  4 killer bees
  A nameless horror (D:8)
  7 howler monkeys
  A hound (D:4)
  3 jellies
  26 orc priests
  An iguana (D:11)
  18 orc wizards
  An adder (D:6)
  6 gnolls
  3 white imps (D:8)
  2 ufetubi
  A worm (D:3)
  2 dart slugs
  25 orcs
  3 ball pythons
  7 endoplasms
  3 goblins
  3 hobgoblins
  9 kobolds
  A quokka (D:2)
  3 frilled lizards
  A goblin zombie (D:6)
  2 hobgoblin zombies (D:6)
  A kobold skeleton (D:6)
  An orc skeleton (D:6)
  3 rats
328 creatures vanquished.

Vanquished Creatures (collateral kills)
  Snorg (Orc:2)
  Fannar (Lair:3)
  2 hydras
  A catoblepas (D:13)
  A boulder beetle (D:13)
  A centaur warrior (D:14)
  3 two-headed ogres
  A thrashing horror (Gauntlet)
  2 orc high priests (Orc:2)
  6 death yaks
  The ghost of Palms the Zephyrmancer, a novice DEAE of Vehumet (D:7)
  4 orc knights
  2 cyclopes
  2 orc sorcerers (Orc:2)
  5 elephants
  A torpor snail (Lair:1)
  2 black mambas (Lair:5)
  5 cane toads
  A smoke demon (Gauntlet)
  A hellion (Gauntlet)
  An orange demon (Lair:5)
  2 freezing wraiths (IceCv)
  A komodo dragon (Lair:2)
  4 rime drakes
  5 trolls
  A queen bee (Gauntlet)
  A polar bear (Lair:2)
  4 blink frogs (Lair:4)
  3 dream sheep (Lair:5)
  Sigmund (D:2)
  2 slime creatures
  3 shadows
  4 wyverns
  28 yaks
  A human (D:13)
  A basilisk (Lair:4)
  2 wraiths
  A vampire (D:12)
  2 steam dragons
  6 vampire mosquitoes
  2 minotaur simulacra (IceCv)
  An acid dragon (D:11)
  6 water moccasins
  2 nameless horrors
  2 hell hounds
  2 alligator simulacra (IceCv)
  16 orc warriors
  An ice beast (D:6)
  A sky beast (D:7)
  An ettin simulacrum (IceCv)
  2 ogres
  5 wolves (Lair:2)
  5 centaurs
  4 small abominations (Gauntlet)
  A phantom (D:7)
  4 kobold brigands
  3 bullfrogs
  2 scorpions
  2 gnoll sergeants
  2 necrophages
  2 deep troll simulacra (IceCv)
  3 wights (D:6)
  11 killer bees
  2 lindwurm simulacra (IceCv)
  3 howler monkeys (D:9)
  4 hounds
  8 orc priests
  2 jellies (Lair:5)
  5 iguanas
  8 orc wizards
  10 gnolls
  7 adders
  3 shadow imps
  A white imp (D:7)
  4 ufetubi
  4 worms
  A dart slug (D:2)
  51 orcs
  A bat (D:2)
  5 endoplasms
  A goblin (D:1)
  3 hobgoblins
  A quokka (D:3)
  3 ball pythons
  2 frilled lizards
  3 hobgoblin zombies (D:6)
  12 kobolds
  A kobold skeleton (D:6)
  A rat (D:1)
  A bush (D:11)
343 creatures vanquished.

Vanquished Creatures (others)
  A minotaur (Gauntlet)
  2 death yaks (Lair:5)
  2 elephants (Lair:4)
  A cane toad (Lair:2)
  A komodo dragon (Lair:2)
  An ice devil (Lair:5)
  3 blink frogs
  A hornet (D:6)
  5 yaks
  2 swamp worms (Lair:3)
  A water moccasin (Lair:4)
  3 killer bees (Lair:3)
  An orc (Orc:1)
  A bush (Lair:5)
  47 fungi
  49 plants
  3 withered plants (D:8)
124 creatures vanquished.

Grand Total: 795 creatures vanquished

Notes
Turn   | Place    | Note
-------+----------+-------------------------------------------
     0 | D:1      | bobo the Tengu Summoner began the quest for the Orb.
     0 | D:1      | Reached XP level 1. HP: 10/10 MP: 4/4
   125 | D:1      | Found Quen Reattyt's Armour Emporium.
   315 | D:1      | Reached XP level 2. HP: 15/16 MP: 1/6
   388 | D:1      | Reached skill level 5 in Summonings
   864 | D:1      | Learned a level 2 spell: Call Imp
   915 | D:2      | Found Xanakh's Armour Boutique.
   953 | D:2      | Reached skill level 1 in Fighting
   953 | D:2      | Reached XP level 3. HP: 20/20 MP: 3/7
  1271 | D:2      | Found Yqeuluoh's Distillery.
  1316 | D:2      | Bought a potion of curing for 30 gold pieces
  1316 | D:2      | Bought a potion of heal wounds for 50 gold pieces
  1332 | D:2      | Noticed Sigmund
  1445 | D:2      | Learned a level 3 spell: Call Canine Familiar
  1469 | D:2      | Killed Sigmund
  1470 | D:2      | Reached XP level 4. HP: 27/27 MP: 3/9
  1470 | D:2      | Gained mutation: Your magical nature lets you fly swiftly
                  | and evasively. [Tengu growth]
  1470 | D:2      | Reached XP level 5. HP: 31/31 MP: 3/10
  1610 | D:2      | Reached XP level 6. HP: 36/36 MP: 7/11
  1638 | D:2      | Learned a level 4 spell: Summon Lightning Spire
  1672 | D:2      | Found Netonof's Distillery.
  1728 | D:2      | Found Deingooj's Assorted Antiques.
  1735 | D:2      | Bought a scroll of identify for 44 gold pieces
  1735 | D:2      | Bought 2 cyan potions for 39 gold pieces
  1735 | D:2      | Bought a scroll labelled IFROQY KICI for 22 gold pieces
  1735 | D:2      | Bought a scroll labelled CEGHEO NUN TAT for 22 gold pieces
  1819 | D:2      | Found Edwezeyt's Distillery.
  2196 | D:3      | Found a stormy altar of Qazlal.
  2534 | D:3      | Reached skill level 1 in Air Magic
  2997 | D:4      | Reached XP level 7. HP: 41/41 MP: 9/13
  3066 | D:4      | Noticed a nameless horror
  3102 | D:5      | Entered Level 5 of the Dungeon
  3562 | D:5      | Found Tyzo's Hydra Hut.
  3568 | D:5      | Noticed a four-headed hydra
  3606 | D:5      | Reached skill level 5 in Dodging
  3672 | D:5      | Found a basalt altar of Yredelemnul.
  3945 | D:4      | Reached XP level 8. HP: 48/48 MP: 11/15
  4077 | D:6      | Found a glowing golden altar of the Shining One.
  4083 | D:6      | Reached skill level 1 in Ranged Weapons
  4253 | D:6      | Learned a level 3 spell: Summon Guardian Golem
  4272 | D:6      | Found a staircase to the Ecumenical Temple.
  4292 | Temple   | Entered the Ecumenical Temple
  4314 | Temple   | Became a worshipper of Gozag Ym Sagoz the Greedy
  4418 | D:6      | Noticed a hornet
  4519 | D:6      | Killed a hornet
  4520 | D:6      | Reached skill level 5 in Spellcasting
  4520 | D:6      | Reached skill level 5 in Air Magic
  4664 | D:6      | Reached skill level 5 in Fighting
  5014 | D:6      | Reached XP level 9. HP: 27/54 MP: 15/17
  5820 | D:6      | Found Ekhluul's Book Shoppe.
  5826 | D:6      | Bought a book of Spatial Translocations for 252 gold pieces
  5829 | D:6      | Learned a level 2 spell: Blink
  6706 | D:4      | Found an ornate altar of the Wu Jian Council.
  7042 | D:6      | Reached skill level 1 in Translocations
  7201 | D:7      | Upgraded the game from 0.30-a0-722-g3e6e8c874d to
                  | 0.30-a0-728-gc68057be0a
  7279 | D:7      | Found a runed translucent door.
  7280 | D:7      | Noticed Palms's ghost (novice DEAE)
  7287 | D:7      | Found Ebizunge's Magic Scroll Shoppe.
  7317 | D:7      | Bought a scroll of fear for 52 gold pieces
  7612 | D:7      | Noticed Maggie
  7628 | D:7      | Killed Maggie
  8198 | D:8      | Reached skill level 5 in Ranged Weapons
  8198 | D:8      | Reached XP level 10. HP: 60/60 MP: 12/20
  8439 | D:8      | Found a hazy altar of Hepliaklqana.
  8636 | D:8      | Found an ancient bone altar of Kikubaaqudgha.
  8641 | D:8      | Found a bloodstained altar of Trog.
  8988 | D:6      | Bought a book of Weapons for 392 gold pieces
  8992 | D:6      | Learned a level 3 spell: Portal Projectile
  9936 | D:9      | Found a shimmering blue altar of Sif Muna.
 10364 | D:5      | Bought a +2 hand crossbow of freezing for 183 gold pieces
 10854 | D:9      | Identified the +2 dagger of Annihilation {freeze, rElec}
 11028 | D:9      | Learned a level 2 spell: Lesser Beckoning
 11210 | D:9      | Found a burning altar of Makhleb.
 11283 | D:9      | Reached skill level 1 in Hexes
 11455 | D:9      | Reached XP level 11. HP: 67/67 MP: 11/22
 11721 | D:10     | Entered Level 10 of the Dungeon
 12012 | D:10     | Noticed a two-headed ogre
 12648 | D:1      | Bought the +3 warlock's mirror {omnireflect} for 560 gold
                  | pieces
 12648 | D:1      | Found the +3 warlock's mirror {omnireflect}
 13345 | D:10     | Found a blossoming altar of Fedhas.
 13354 | D:10     | Found a sacrificial altar of Ru.
 13424 | D:10     | Killed a two-headed ogre
 13425 | D:10     | Reached skill level 1 in Shields
 13551 | D:11     | Noticed Kupoam's ghost (journeyman FoFi)
 14048 | D:11     | Noticed a sea snake
 14103 | D:11     | Found a staircase to the Lair.
 14191 | Lair:1   | Entered Level 1 of the Lair of Beasts
 14599 | Lair:1   | Reached XP level 12. HP: 73/73 MP: 25/25
 14979 | Lair:1   | Reached skill level 5 in Translocations
 16036 | Lair:2   | Noticed a catoblepas
 16047 | Lair:2   | Killed a catoblepas
 16048 | Lair:2   | Reached skill level 5 in Shields
 16097 | Lair:2   | Noticed a five-headed hydra
 16105 | Lair:2   | Killed a five-headed hydra
 16547 | D:1      | Bought the +4 troll leather armour "Taver" {rF+ Regen+
                  | Str+3} for 774 gold pieces
 17153 | Lair:3   | Noticed a five-headed hydra
 17162 | Lair:3   | Killed a five-headed hydra
 17163 | Lair:3   | Reached skill level 5 in Hexes
 17329 | Lair:3   | Noticed Fannar
 17341 | Lair:3   | Killed Fannar
 17361 | Lair:3   | Found a staircase to the Swamp.
 17678 | Lair:3   | Noticed Nessos
 17689 | Lair:3   | Killed Nessos
 17690 | Lair:3   | Reached XP level 13. HP: 35/78 MP: 20/27
 17870 | Lair:3   | Found a hole to the Spider Nest.
 18719 | Lair:4   | Reached skill level 10 in Spellcasting
 19499 | Lair:5   | Entered Level 5 of the Lair of Beasts
 19544 | Lair:4   | Learned a level 6 spell: Summon Cactus Giant
 19893 | Lair:5   | Found a viscous altar of Jiyva.
 19894 | Lair:5   | Found a staircase to the Slime Pits.
 20355 | Lair:5   | Bought an ichor-stained cloak for 237 gold pieces
 20355 | Lair:5   | Identified the +0 cloak of the Howling Gods {Str-2 Int+3
                  | Dex+3 SInv} (You bought it in a shop on level 5 of the Lair
                  | of Beasts)
 20430 | Lair:4   | Reached XP level 14. HP: 35/87 MP: 23/29
 20668 | Lair:4   | Reached skill level 10 in Fighting
 20703 | Lair:5   | Reached skill level 10 in Summonings
 20818 | Lair:5   | Reached skill level 10 in Ranged Weapons
 21316 | Lair:5   | Reached skill level 1 in Armour
 21681 | Lair:5   | Found a burning altar of Makhleb.
 21954 | Lair:5   | Found a gateway to Hell.
 22565 | D:11     | Found a runed translucent gate.
 22565 | D:11     | Found a runed translucent gate.
 22567 | D:11     | Found a runed translucent gate.
 22646 | D:11     | Killed Kupoam's ghost
 22990 | D:7      | Killed Palms's ghost
 23195 | D:12     | Found a gate leading to a gauntlet.
 23204 | Gauntlet | Entered a Gauntlet
 23204 | Gauntlet | Found a transporter.
 23209 | Gauntlet | Found a transporter.
 23213 | Gauntlet | Found a transporter.
 23223 | Gauntlet | Found a transporter.
 23227 | Gauntlet | Found a transporter.
 23233 | Gauntlet | Found a runed translucent gate.
 23235 | Gauntlet | Found a transporter.
 23236 | Gauntlet | Found a runed translucent gate.
 23237 | Gauntlet | Found a runed translucent gate.
 23239 | Gauntlet | Found a transporter.
 23247 | Gauntlet | Found a transporter.
 23251 | Gauntlet | Found a transporter.
 23255 | Gauntlet | Found a runed translucent door.
 23257 | Gauntlet | Found a runed translucent door.
 23259 | Gauntlet | Found a transporter.
 23290 | Gauntlet | Found a transporter.
 23302 | Gauntlet | Found a transporter.
 23315 | Gauntlet | Found a transporter.
 23328 | Gauntlet | Found a transporter.
 24188 | D:12     | Identified the +3 war axe of Honour {heavy, rN++ Will-
                  | rCorr Int+2}
 24196 | D:12     | Found a staircase to the Orcish Mines.
 24416 | D:12     | Reached XP level 15. HP: 95/95 MP: 29/30
 24774 | D:13     | Found a gate to the Vaults.
 24847 | Orc:1    | Entered Level 1 of the Orcish Mines
 24878 | Orc:1    | Found Gapty's Weapon Shop.
 25001 | Orc:1    | Noticed Erolcha
 25006 | Orc:1    | Killed Erolcha
 25342 | Orc:2    | Entered Level 2 of the Orcish Mines
 25527 | Orc:2    | Noticed Snorg
 25534 | Orc:2    | Killed Snorg
 25658 | Orc:2    | Noticed an orc warlord
 25685 | Orc:2    | Killed an orc warlord
 26238 | Orc:2    | Found a staircase to the Elven Halls.
 26517 | Orc:2    | Found Boirph's Antique Armour Shop.
 26518 | Orc:2    | Found Pamellad's Antique Weapon Shop.
 26520 | Orc:2    | Found Copiz's General Store.
 26520 | Orc:2    | Found Zirph's Jewellery Boutique.
 26525 | Orc:2    | Bought a potion of heal wounds for 65 gold pieces
 26525 | Orc:2    | Bought a scroll of brand weapon for 123 gold pieces
 26546 | Orc:2    | Bought an amulet of guardian spirit for 480 gold pieces
 26557 | Orc:2    | Bought an amulet of magic regeneration for 480 gold pieces
 26864 | Orc:2    | Bought a +4 ring of protection for 576 gold pieces
 28301 | D:14     | Found a frozen archway.
 28310 | IceCv    | Entered an ice cave
 28698 | IceCv    | Reached XP level 16. HP: 104/104 MP: 24/31
 28858 | IceCv    | Slain by a spriggan defender simulacrum

Illustrated notes

Levels and vault maps discovered:
D:1:      spicycebolla_arrival_ecumenical, layout_loops_cross, serial_shops,
          shop_coins, serial_park_tiny_1
D:2:      minmay_recursive_quarters, layout_basic, serial_shops, shop_fountains,
          shop_fountains, shop, nicolae_shop_waterfront, nicolae_square_shop,
          minmay_tetromino_i4, uniq_sigmund
D:3:      layout_rooms, overflow_temple_1_default
D:4:      layout_basic, nicolae_wu_jian_immortal_techniques
D:5:      layout_cave_pools, kennysheep_little_box, doesnt_shop_hydraphobe
D:6:      layout_basic, nicolae_tso_besieged_by_evil,
          minmay_temple_entry_mini_moons, serial_shops, shop_statue,
          grunt_potential
D:7:      layout_loops_ring, serial_shops, nicolae_stop_n_shop_1,
          gammafunk_ghost_grave, uniq_maggie
D:8:      layout_basic, mainiacjoe_overflow_boulevard, lemuel_round_altar,
          kiku_gazebo_garden_becter
D:9:      layout_stronghold, nicolae_overflow_crystal_walls,
          mainiacjoe_overflow_alcove_4
D:10:     layout_long_grid, mainiacjoe_overflow_swirl, statue_in_the_mist_lemuel
D:11:     layout_loops_cross, minmay_lair_entry_grove, gammafunk_ghost_split,
          serial_aquarium, aquarium_bridge_square [aquarium_subvault_wall,
          aquarium_subvault_wall, aquarium_subvault_wall,
          aquarium_subvault_bridge], aquarium_bridge_square
          [aquarium_subvault_wall, aquarium_subvault_bridge,
          aquarium_subvault_bridge, aquarium_subvault_balcony],
          aquarium_window_fake, aquarium_window_corner, aquarium_window_corner,
          aquarium_window_1, aquarium_view_2f, aquarium_view_2d, aquarium_pool_2
D:12:     layout_roguey, minmay_orc_entry_temple_small, gauntlet_entry_generic
D:13:     layout_loops_ring, david_vaults_3
D:14:     layout_stronghold, minmay_misc_feat_secret_circle,
          portal_ice_cave_entry_pillars_four, kennysheep_generic_room_5
Temple:   minmay_freezing_vapour_temple
Lair:1:   layout_cave_pods
Lair:2:   layout_concentric_octagons, grunt_megastairs_2
Lair:3:   layout_regular_city, minmay_swamp_entry_worms,
          hellmonk_spider_entry_not_the_bees, uniq_fannar, uniq_nessos
Lair:4:   layout_loops_ring
Lair:5:   evil_forest, layout_loops_ring, nicolae_slime_entry_field_trip
Orc:1:    layout_caves, serial_shops, nicolae_diamond_shop,
          nicolae_orc_rockfall, nicolae_shop_clearance, uniq_erolcha
Orc:2:    st_orc_congregation, layout_caves, uniq_snorg
IceCv:    ice_cave_small_demon

Skill      XL: |  1  2  3  4  5  6  7  8  9 10 11 12 13 14 15 |
---------------+----------------------------------------------+-----
Summonings     | 5 6 7 8 9 11 13 | 13.0
Fighting       | 1 2 3 4 5 6 7 8 9 11 13 | 13.0
Dodging        | 3 4 5 6 |  6.7
Spellcasting   | 3 4 5 6 7 8 9 10 | 10.8
Air Magic      | 2 3 5 6 8 |  8.8
Ranged Weapons | 3 5 6 7 9 11 13 | 13.3
Translocations | 2 4 6 |  6.0
Hexes          | 1 3 5 6 |  6.0
Shields        | 3 6 8 |  8.0
Armour         | 4 |  4.0
Stealth        | |  2.0

Action                     |  1- 3 |  4- 6 |  7- 9 | 10-12 | 13-15 | 16-18 || total
---------------------------+-------+-------+-------+-------+-------+-------++-------
  Melee: Dagger            |       |     3 |     9 |       |       |       ||    12
         Kick              |       |     1 |     3 |       |       |       ||     4
         Spear             |       |       |     7 |       |       |       ||     7
         Peck              |       |       |     2 |       |       |       ||     2
   Fire: Sling             |    47 |    61 |   233 |       |       |       ||   341
         Shortbow          |       |       |    32 |    91 |       |       ||   123
         Hand crossbow     |       |       |       |   212 |   727 |    10 ||   949
   Cast: Summon Small Mamm |    28 |     8 |    10 |       |       |       ||    46
         Call Imp          |     8 |    16 |    24 |    17 |    16 |       ||    81
         Call Canine Famil |     1 |     9 |    57 |    45 |    67 |       ||   179
         Summon Lightning  |       |       |    11 |    69 |    81 |     1 ||   162
         Summon Guardian G |       |       |     5 |     5 |    38 |       ||    48
         Blink             |       |       |       |     9 |    17 |       ||    26
         Portal Projectile |       |       |       |    33 |    84 |     1 ||   118
         Summon Cactus Gia |       |       |       |       |    46 |     2 ||    48
 Invoke: Call Merchant     |       |       |       |       |     2 |       ||     2
    Use: Scroll            |       |     4 |     6 |    16 |    11 |       ||    37
         Potion            |       |       |     9 |     3 |     1 |     4 ||    17
 Armour: Robe              |     6 |     5 |    25 |       |       |       ||    36
         Acid dragon scale |       |       |     3 |    31 |       |       ||    34
         Troll leather arm |       |       |       |     8 |    82 |     5 ||    95
  Dodge: Dodged            |    15 |    11 |   152 |   104 |   256 |     3 ||   541
  Block: Buckler           |       |       |       |    29 |   159 |     3 ||   191
         Reflection        |       |       |       |     6 |    32 |       ||    38

Table legend: (Time is in decaauts)
 A = Elapsed time spent in this place.
 B = Non-inter-level travel time spent in this place.
 C = Inter-level travel time spent in this place.
 D = Time resting spent in this place.
 E = Time spent auto-exploring this place.
 F = Levels seen in this place.
 G = Mean time per level.
                   A        B        C        D        E       F      G
               +--------+--------+--------+--------+--------+-----+--------+
         Total |  27907 |  25001 |   2906 |   3938 |  12717 |  24 | 1162.8 |
       Dungeon |  17243 |  15004 |   2239 |   1762 |   8658 |  14 | 1231.6 |
        Temple |     25 |     22 |      3 |      0 |      0 |   1 |   25.0 |
          Lair |   7269 |   6740 |    529 |   1237 |   3295 |   5 | 1453.8 |
  Orcish Mines |   2044 |   1910 |    134 |    411 |    651 |   2 | 1022.0 |
      Ice Cave |    565 |    565 |      0 |    166 |      0 |   1 |  565.0 |
      Gauntlet |    759 |    759 |      0 |    361 |    112 |   1 |  759.0 |
               +--------+--------+--------+--------+--------+-----+--------+

Top non-repeatable levels by time:
     D:6: 2557 daAuts
  Lair:5: 2001 daAuts
     D:8: 1913 daAuts
  Lair:4: 1798 daAuts
     D:9: 1747 daAuts
    D:10: 1488 daAuts
   Orc:2: 1432 daAuts
  Lair:1: 1401 daAuts
     D:7: 1260 daAuts
     D:2: 1247 daAuts
    D:13: 1202 daAuts
    D:11: 1200 daAuts
  Lair:3: 1170 daAuts
     D:5: 1048 daAuts
     D:1: 1045 daAuts
